 Dungeon Crawl Stone Soup version 0.29-a0-1008-g949cc1d0fb (webtiles) character file.

Game seed: 8578567862064386380

107 Mesmaeker13 the Insei (level 4, 0/28 HPs)
             Began as an Octopode Transmuter on Aug 7, 2022.
             Slain by a goblin
             ... wielding a +0 dagger
             ... led by Robin
              (5 damage)
             ... on level 3 of the Dungeon.
             The game lasted 00:02:43 (2579 turns).

Mesmaeker13 the Insei (Octopode Transmuter)         Turns: 2579, Time: 00:02:43

Health: 0/28       AC:  1    Str:  9    XL:     4   Next: 85%
Magic:  7/8        EV: 13    Int: 17    God:
Gold:   78         SH:  5    Dex: 12    Spells: 3/9 levels left

rFire   . . .      SeeInvis .     - Unarmed
rCold   . . .      Faith    .   (no shield)
rNeg    . . .      Spirit   .   (helmet currently unavailable)
rPois   .          Reflect  +   g - amulet of reflection
rElec   .          Harm     .   (no ring)
rCorr   .          Rampage  .   (no ring)
Will    .....                   (no ring)
Stlth   ++........              (no ring)
HPRegen 0.09/turn               (no ring)
MPRegen 0.11/turn               (no ring)
                                (no ring)
                                (no ring)

@: lethally poisoned (0 -> -10), appendages
A: tentacle spike 3, almost no armour, amphibious, 8 rings, camouflage 1,
gelatinous body 1, (nimble swimmer 1), tentacles
a: End Transformation


You were on level 3 of the Dungeon.
One of your tentacles had grown a beastly spike.
You visited 1 branch of the dungeon, and saw 3 of its levels.

You collected 78 gold pieces.

Inventory:

Missiles
 j - a poisoned dart (quivered)
Jewellery
 g - an amulet of reflection (around mantle)
Scrolls
 b - 2 scrolls of amnesia {unknown}
 e - 2 scrolls of identify {unknown}
 i - a scroll of vulnerability {unknown}
Potions
 a - a potion of lignification
 c - 2 potions of curing {unknown}
 d - 2 potions of degeneration {unknown}
 f - a potion of berserk rage {unknown}
 h - a potion of resistance {unknown}


   Skills:
 - Level 1.0 Fighting
 - Level 2.0 Dodging
 + Level 4.0 Unarmed Combat
 - Level 3.0 Spellcasting
 + Level 3.2 Transmutations
 + Level 0.0 Poison Magic


You had 3 spell levels left.
You knew the following spells:

 Your Spells              Type           Power      Damage    Failure   Level
a - Beastly Appendage     Tmut           26%        N/A       4%          1
b - Wereblood             Tmut           13%        N/A       7%          2
c - Spider Form           Tmut/Pois      8%         N/A       26%         3

Your spell library contained the following spells:

 Spells                   Type           Power      Damage    Failure   Level
 Necrotise                Necr           8%         1d4       17%         1
 Vampiric Draining        Necr           2%         2d6       45%         3
 Ice Form                 Ice/Tmut       8%         N/A       65%         4
 Agony                    Necr           2%         N/A       99%         5


Dungeon Overview and Level Annotations

Branches:
Dungeon (3/15)

Altars:
Cheibriados
Yredelemnul

Shops:
D:1 ?


Innate Abilities, Weirdness & Mutations

One of your tentacles has grown a beastly spike.
You cannot wear most types of armour.
You are amphibious.
You can wear up to eight rings at the same time.
Your skin changes colour to match your surroundings (Stealth+).
Your rubbery body absorbs attacks. (AC +1, EV +1)
((You are camouflaged when in or above water. (Stealth+)))
You have tentacles for arms and can constrict up to eight enemies at once.


Message History

You pierce the goblin.
You kill the goblin!
You barely miss the hobgoblin. You grab the hobgoblin.
You pierce the hobgoblin, but do no damage.
You squeeze the hobgoblin.
You kill the hobgoblin!
Throw: 3 darts (poison)
Press: ? - help, Q - select action, (/) - cycle Shift-Dir - straight line, f - Robin
Aim: Robin, wielding a +2 spear of venom, wearing a +0 animal skin, wearing a +0 helmet and carrying a wand of digging (6) (64% to hit)
You throw a poisoned dart. The poisoned dart closely misses Robin.
You block Robin's attack.
Throw: 2 darts (poison)
Press: ? - help, Q - select action, (/) - cycle Shift-Dir - straight line, f/p - Robin
Aim: Robin, wielding a +2 spear of venom, wearing a +0 animal skin, wearing a +0 helmet and carrying a wand of digging (6) (64% to hit)
You throw a poisoned dart. The poisoned dart hits Robin.
Robin is poisoned.
Your tentacle spike disappears.
Robin hits you but does no damage.
A goblin comes into view. It is wielding a +0 dagger.
Robin hits you with a +2 spear of venom.
Casting: Beastly Appendage (safe; 4% risk of failure)
Confirm with . or Enter, or press ? or * to list all spells.
One of your tentacles grows a vicious spike.
The goblin shouts!
You hear a shout!
A hobgoblin comes into view.
Robin roars a battlecry!
The goblins go into a battle-frenzy!
Robin hits you with a +2 spear of venom.
You are poisoned.
You tentacle-slap Robin. You grab Robin.
You pierce Robin.
Robin is severely wounded.
You constrict Robin, but do no damage.
You feel very sick. Robin throws the goblin at you!
The goblin hits you with a +0 dagger.
* * * LOW HITPOINT WARNING * * *
Unknown command.
You tentacle-slap Robin.
You pierce Robin.
You kill Robin!
* * * LOW HITPOINT WARNING * * *
You feel sick. The goblin hits you with a +0 dagger.
You die...

...... ..gg.. .... ...
#..g.# ....####.#
##..... ..... ..# .
.......#### ...# #.##.
#..((########.###....
#.####............#.##.
.#....##)...............
.(...g)@g....###........
.##...##.....# ##......†
#.. #...............# ##
#.........#.#.##.
#.........#...##.
...........#...##.
...........#..>...
..........#....#.
....#+###### #....#.


You could see a hobgoblin (strong) and a goblin (strong).

Vanquished Creatures
  Robin (D:3)
  A gnoll (D:1)
  4 adders
  An adder zombie (D:2)
  An adder skeleton (D:2)
  A dart slug (D:3)
  3 ball pythons
  8 endoplasms
  A giant cockroach (D:1)
  7 goblins
  8 hobgoblins
  2 quokkas (D:2)
  A ball python zombie (D:2)
  3 bats
  4 frilled lizards
  4 kobolds
  4 rats
54 creatures vanquished.

Vanquished Creatures (others)
  A withered plant (D:2)
1 creature vanquished.

Grand Total: 55 creatures vanquished

Notes
Turn   | Place    | Note
-------+----------+-------------------------------------------
     0 | D:1      | Mesmaeker13 the Octopode Transmuter began the quest for the
                  | Orb.
     0 | D:1      | Reached XP level 1. HP: 13/13 MP: 3/3
    37 | D:1      | Found a faded altar of an unknown god.
   140 | D:1      | Reached XP level 2. HP: 14/18 MP: 3/5
   425 | D:1      | Reached XP level 3. HP: 16/23 MP: 4/6
   591 | D:1      | Found Aluis's Magic Scroll Boutique.
   760 | D:1      | Learned a level 2 spell: Wereblood
  1219 | D:2      | Found a snail-covered altar of Cheibriados.
  1345 | D:2      | Reached XP level 4. HP: 28/28 MP: 6/8
  1349 | D:2      | Learned a level 3 spell: Spider Form
  1696 | D:2      | Identified the +1 robe of Sunlight {Stlth+}
  2235 | D:3      | Found a basalt altar of Yredelemnul.
  2524 | D:3      | Reached skill level 4 in Unarmed Combat
  2558 | D:3      | Noticed Robin
  2579 | D:3      | Killed Robin
  2579 | D:3      | Slain by a goblin

Illustrated notes

Levels and vault maps discovered:
D:1:      scummos_arrival_forest, layout_basic, ebering_ecumenical_altar_ruins,
          serial_shops, nicolae_shop_stone
D:2:      layout_basic, basic_altar, serial_undead, serial_undead_d,
          serial_undead_f, serial_undead_a, serial_undead_e,
          nicolae_elevator_lobby_plus
D:3:      layout_basic, grunt_qazlal_sundering, grunt_dithmenos_smoke,
          mainiacjoe_overflow_tiny_flanked, uniq_sigmund, uniq_natasha,
          uniq_robin

Skill      XL: |  1  2  3  4 |
---------------+-------------+-----
Transmutations | 3 |  3.2
Unarmed Combat | 4 |  4.0
Spellcasting   | 3 |  3.0
Fighting       | |  1.0
Dodging        | |  2.0

Action                   |  1- 3 |  4- 6 || total
-------------------------+-------+-------++-------
Melee: Unarmed           |    55 |    57 ||   112
       Kick              |    21 |    16 ||    37
       Constrict         |    15 |    19 ||    34
       Tentacles         |    15 |    13 ||    28
       Punch             |     1 |       ||     1
Throw: Dart              |       |     4 ||     4
 Cast: Beastly Appendage |    16 |    18 ||    34
 Stab: Sleeping          |     5 |     3 ||     8
Armor: Skin              |     2 |     4 ||     6
Dodge: Dodged            |    30 |    18 ||    48
Block: Other             |       |    11 ||    11
       Reflection        |       |     1 ||     1

Table legend: (Time is in decaauts)
 A = Elapsed time spent in this place.
 B = Non-inter-level travel time spent in this place.
 C = Inter-level travel time spent in this place.
 D = Time resting spent in this place.
 E = Time spent auto-exploring this place.
 F = Levels seen in this place.
 G = Mean time per level.
                   A        B        C        D        E       F      G
               +--------+--------+--------+--------+--------+-----+--------+
         Total |   2570 |   2500 |     70 |    298 |   1785 |   3 |  856.7 |
       Dungeon |   2570 |   2500 |     70 |    298 |   1785 |   3 |  856.7 |
               +--------+--------+--------+--------+--------+-----+--------+

Top non-repeatable levels by time:
     D:1: 1107 daAuts
     D:2: 1097 daAuts
     D:3: 365 daAuts
